 Dungeon Crawl Stone Soup version 0.24.0-1-gfbc8707122 (webtiles) character file.

Game seed: 17312899242400946932, levelgen mode: deterministic

1851 Aviak the Fighter (level 9, 0/97 HPs)
             Began as an Ogre Abyssal Knight on Oct 27, 2019.
             Was a Priest of Lugonu.
             Succumbed to a worker ant's poison
             ... on level 7 of the Dungeon.
             The game lasted 00:16:37 (10259 turns).

Aviak the Fighter (Ogre Abyssal Knight)            Turns: 10259, Time: 00:16:38

Health: 0/97       AC: -7    Str: 21    XL:     9   Next: 12%
Magic:  3/13       EV: 11    Int: 13    God:    Lugonu [***...]
Gold:   300        SH:  0    Dex:  8    Spells: 8/8 levels left

rFire    . . .     SeeInvis .   q - +0 giant spiked club
rCold    . . .     Gourm    .   (shield currently unavailable)
rNeg     + . .     Faith    .   o - +1 robe
rPois    .         Spirit   .   (helmet restricted)
rElec    .         Reflect  .   h - +0 cloak
rCorr    .         Harm     .   (gloves unavailable)
MR       .....                  (boots unavailable)
Stlth    +.........             (no amulet)
HPRegen  0.26/turn              g - +2 ring of slaying
MPRegen  0.13/turn              d - ring of positive energy

@: lethally poisoned (0 -> -1), corroded
A: large, unfitting armour, tough skin 1
a: Depart the Abyss, Bend Space, Banish, Renounce Religion


You were on level 7 of the Dungeon.
You worshipped Lugonu.
Lugonu was most pleased with you.
You were very hungry.

You visited 2 branches of the dungeon, and saw 8 of its levels.
You visited the Abyss 1 time.

You collected 300 gold pieces.

Inventory:

Hand Weapons
 a - a +1 mace
 k - a +0 giant club
 q - a +0 giant spiked club (weapon)
Armour
 h - a +0 cloak (worn)
 o - a +1 robe (worn)
Jewellery
 d - a ring of positive energy (right hand)
 g - a +2 ring of slaying (left hand)
 u - an uncursed ring of ice
 v - an uncursed ring of ice
Scrolls
 e - 3 scrolls of magic mapping
 f - a scroll of immolation
 i - 2 scrolls of noise {unknown}
 j - 2 scrolls of amnesia
 r - 2 scrolls of remove curse
 t - 2 scrolls of teleportation
Potions
 m - a potion of flight
 n - 2 potions of degeneration {!q!q}
 p - 2 potions of resistance
Comestibles
 c - 10 rations


   Skills:
 + Level 8.5 Fighting
 + Level 5.5 Maces & Flails
 + Level 5.6 Dodging
 + Level 6.5 Invocations


You had 8 spell levels left.
You didn't know any spells.
Your spell library was empty.

Dungeon Overview and Level Annotations

Branches:
Dungeon (7/15)             Temple (1/1) D:6

Altars:
Nemelex Xobeh
Vehumet

Annotations:
D:4 Pikel


Innate Abilities, Weirdness & Mutations

You are too large for most types of armour.
You have tough skin. (AC +1)


Message History

You kill the worker ant!
Lugonu accepts your kill.
* * * LOW HITPOINT WARNING * * *
You feel sick.
You are lethally poisoned (2 -> -1).
You are corroded.
You are very lightly contaminated with residual magic.
Your movement speed is average.
Your attack speed is quite slow.
You swing at nothing.
* * * LOW HITPOINT WARNING * * *
You feel sick.
Your magical contamination has completely faded away.
You swing at nothing.
You swing at nothing.
* * * LOW HITPOINT WARNING * * *
You feel sick.
You swing at nothing.
* * * LOW HITPOINT WARNING * * *
You feel sick.
You swing at nothing.
You die...

# # # #.## .####
#.##.#.#####....
#.#.......#..#
#...#........#
#..##.#§#.......
#<.†..#.##.#####
#.@#..#.##.#
#.<........#
#.......####
#.###.### #. #.#
#. ..# ## ##..
#.# ..#


There were no monsters in sight!

Vanquished Creatures
  Duvessa (D:6)
  4 slaves (D:3)
  A sky beast (D:5)
  4 ogres
  A phantom (Temple)
  Dowan (D:6)
  5 wights (D:6)
  A crimson imp (D:5)
  A bullfrog zombie (D:5)
  3 hounds
  3 jellies
  An orc priest (D:6)
  A bullfrog skeleton (D:6)
  A centaur skeleton (D:4)
  Crazy Yiuf (D:6)
  2 iguanas (D:6)
  An orc wizard (D:6)
  4 worker ants
  8 gnolls
  11 adders
  2 oozes
  2 adder zombies (D:5)
  3 adder skeletons
  3 worms
  2 dart slugs
  4 leopard geckos
  13 orcs
  2 ball pythons
  4 giant cockroaches
  5 goblins
  13 hobgoblins
  19 jackals
  5 quokkas
  6 bats
  4 frilled lizards
  A giant cockroach zombie (D:6)
  A jackal skeleton (D:4)
  6 kobolds
  A quokka skeleton (D:4)
  9 rats
  A fungus (D:6)
161 creatures vanquished.

Vanquished Creatures (others)
  An ogre (D:6)
  A gnoll sergeant (D:6)
  A jelly (D:7)
  3 fungi (D:6)
6 creatures vanquished.

Grand Total: 167 creatures vanquished

Notes
Turn   | Place    | Note
-------+----------+-------------------------------------------
     0 | Abyss:1  | Aviak the Ogre Abyssal Knight began the quest for the Orb.
     0 | Abyss:1  | Reached XP level 1. HP: 24/24 MP: 2/2
    37 | Abyss:1  | Noticed a large abomination
    38 | D:1      | Escaped the Abyss
   153 | D:1      | Reached XP level 2. HP: 22/32 MP: 3/3
   583 | D:1      | Reached * piety under Lugonu
   803 | D:1      | Reached XP level 3. HP: 31/40 MP: 4/4
  1860 | D:2      | Found a faded altar of an unknown god.
  1909 | D:2      | Reached XP level 4. HP: 46/49 MP: 4/6
  2634 | D:3      | Reached ** piety under Lugonu
  2679 | D:3      | Reached skill level 5 in Fighting
  3508 | D:3      | Reached XP level 5. HP: 57/57 MP: 7/7
  3921 | D:4      | Noticed Pikel
  3921 | D:4      | Noticed a slave
  3921 | D:4      | Noticed a slave
  3921 | D:4      | Noticed a slave
  3923 | D:4      | Noticed a slave
  3934 | D:3      | Killed a slave
  3973 | D:3      | Killed a slave
  4450 | D:3      | Killed a slave
  4606 | D:3      | Killed a slave
  5065 | D:4      | Noticed an ogre
  5078 | D:4      | Killed an ogre
  5078 | D:4      | Reached XP level 6. HP: 48/66 MP: 8/8
  5506 | D:4      | Reached skill level 6 in Fighting
  5564 | D:4      | Reached XP level 7. HP: 50/75 MP: 10/10
  6216 | D:5      | Entered Level 5 of the Dungeon
  6228 | D:5      | Found a radiant altar of Vehumet.
  6306 | D:5      | Reached *** piety under Lugonu
  6698 | D:5      | Reached skill level 7 in Fighting
  6698 | D:5      | Reached skill level 5 in Invocations
  6698 | D:5      | Reached XP level 8. HP: 45/87 MP: 11/11
  7067 | D:6      | Noticed Duvessa
  7067 | D:6      | Noticed Dowan
  7448 | D:6      | Found a staircase to the Ecumenical Temple.
  7488 | D:6      | HP: 3/87 [ogre/+0 giant club (23)]
  8276 | D:6      | Killed Duvessa
  8291 | D:6      | Killed Dowan
  8537 | D:6      | Reached skill level 5 in Dodging
  8846 | D:6      | Found a sparkling altar of Nemelex Xobeh.
  9054 | D:6      | Reached skill level 5 in Maces & Flails
  9088 | D:6      | Reached skill level 8 in Fighting
  9506 | Temple   | Entered the Ecumenical Temple
  9600 | Temple   | Reached XP level 9. HP: 50/97 MP: 13/13
 10147 | D:6      | Found a runed translucent door.
 10148 | D:6      | Noticed Crazy Yiuf
 10154 | D:6      | Killed Crazy Yiuf
 10253 | D:7      | HP: 4/97 [worker ant (6)]
 10255 | D:7      | HP: 1/97 [poisoned by a worker ant]
 10259 | D:7      | Succumbed to a worker ant's poison

Levels and vault maps discovered:
D:1:      dpeg_arrival_brainrot, layout_basic, minmay_misc_feat_tiny
D:2:      layout_rooms, chequers_ecumenical_altar_twisty
D:3:      layout_basic, first_ration
D:4:      layout_loops_cross, uniq_pikel
D:5:      layout_cave_pools, basic_altar
D:6:      minmay_spotlight, layout_rooms, nicolae_overflow_crystal_walls,
          minmay_temple_entry_junction, uniq_crazy_yiuf_cottage, uniq_duvessa
D:7:      layout_loops_ring
Temple:   kilobyte_greek_temple

Skill      XL: |  1  2  3  4  5  6  7  8 |
---------------+-------------------------+-----
Maces & Flails | 2 3 4 5 |  5.5
Fighting       | 5 6 7 8 |  8.5
Invocations    | 3 4 5 6 |  6.5
Dodging        | 3 4 5 |  5.6

Action                   |  1- 3 |  4- 6 |  7- 9 || total
-------------------------+-------+-------+-------++-------
Melee: Mace              |   123 |   201 |       ||   324
       Giant club        |       |    28 |    86 ||   114
       Giant spiked club |       |       |   185 ||   185
Invok: Depart the Abyss  |     1 |       |       ||     1
       Bend Space        |       |     1 |       ||     1
       Banish            |       |       |     5 ||     5
  Use: Potion            |     2 |     5 |     4 ||    11
       Scroll            |     3 |     1 |     7 ||    11
  Eat: Chunk             |     1 |     7 |     9 ||    17
       Ration            |     1 |     1 |     2 ||     4
Armor: Robe              |    36 |    51 |    69 ||   156
Dodge: Dodged            |    84 |   144 |   207 ||   435
